 Dungeon Crawl Stone Soup version 0.18.1-50-g88ac8fd (webtiles) character file.

3072 Gargoyl the Protected (level 9, -5/71 HPs)
             Began as a Demonspawn Abyssal Knight on Sept 14, 2016.
             Was an Elder of Lugonu.
             Slain by an orc warrior
             ... wielding a +0 morningstar of protection
              (17 damage)
             ... on level 8 of the Dungeon.
             The game lasted 00:11:29 (6457 turns).

Gargoyl the Protected (Demonspawn Abyssal Knight)   Turns: 6457, Time: 00:11:30

Health: -5/71      AC: 24    Str: 12 (15) XL:     9   Next: 58%
Magic:  11/11      EV:  4    Int: 12 (15) God:    Lugonu [****..]
Gold:   209        SH:  0    Dex: 11 (12) Spells: 0 memorised, 8 levels left

rFire  . . .     SeeInvis .     d - +5 battleaxe (venom)
rCold  . . .     Gourm    .     x - +1 plate armour
rNeg   . . .     Faith    +     (shield currently unavailable)
rPois  .         Spirit   .     (helmet restricted)
rElec  .         Dismiss  .     A - +2 cloak
rCorr  +         Reflect  .     F - +2 pair of gloves
SustAt .         Harm     .     (no boots)
MR     .....                    y - amulet of faith
Stlth  ..........               B - ring of resist corrosion
                                n - +3 ring of protection

@: lethally poisoned (-5 -> -6), not resistant to hostile enchantments,
extremely unstealthy
A: antennae 2, claws 1, mutation resistance 1, nightstalker 1, spiny 2
a: Depart the Abyss, Bend Space, Banish, Corrupt, Renounce Religion


You were on level 8 of the Dungeon.
You worshipped Lugonu.
Lugonu was greatly pleased with you.
You were not hungry.

You visited 1 branch of the dungeon, and saw 8 of its levels.
You visited the Abyss 1 time.

You collected 313 gold pieces.
You spent 104 gold pieces at shops.

Inventory:

Hand Weapons
 d - a +5 battleaxe of venom (weapon)
 s - a +0 spear
 I - a cursed -3 war axe
Armour
 x - a +1 plate armour (worn)
 A - a +2 cloak (worn)
 F - a +2 pair of gloves (worn)
Jewellery
 l - an uncursed ring of sustain attributes
 n - a +3 ring of protection (left hand)
 v - an uncursed ring of protection from fire
 y - an amulet of faith (around neck)
 B - a ring of resist corrosion (right hand)
 H - an uncursed ring of magical power
Wands
 a - a wand of disintegration (13/24)
 e - a wand of polymorph (24/24)
 q - a wand of flame (24/48)
Scrolls
 b - a scroll of noise {unknown}
 f - 3 scrolls of teleportation
 h - 2 scrolls of fear
 m - 2 scrolls of identify
 o - a scroll of magic mapping
 z - a scroll of amnesia
 C - 2 scrolls of remove curse
 D - a scroll of fog
Potions
 g - a potion of invisibility
 k - 4 potions of haste
 u - 3 potions of curing
Books
 w - a book of Cantrips

   Spells                             Type                      Level
   a - Corona                         Hexes                        1
   b - Animate Skeleton               Necromancy                   1
   c - Summon Small Mammal            Summoning                    1
   d - Apportation                    Translocation                1
Comestibles
 c - 12 bread rations
 i - 5 meat rations
 p - a royal jelly
 t - 6 fruits
 E - 2 beef jerkies


   Skills:
 + Level 6.5 Fighting
 + Level 5.6 Axes
 * Level 8.8 Armour
 + Level 3.7 Dodging
 + Level 1.3 Stealth
 + Level 3.4 Invocations


You had 8 spell levels left.
You didn't know any spells.

Dungeon Overview and Level Annotations

Branches:
Dungeon (8/15)             Temple (0/1) D:6
   Lair: D:8-11

Altars:
Ashenzari
Cheibriados
Elyvilon
Fedhas
Gozag
Pakellas
Qazlal
Ru
Sif Muna
Vehumet
Xom
The Shining One

Shops:
D:4 !


Innate Abilities, Weirdness & Mutations

You have a pair of antennae on your head.
You have sharp fingernails.
You are slightly more attuned to the shadows.
You are mostly covered in sharp spines.
You are somewhat resistant to further mutation.


Message History

You feel better.
The orc priest hits you but does no damage.
The orc priest calls down the wrath of Beogh upon you.
Pain shoots through your body!
Unknown command.
You hit the orc priest.
The orc priest is moderately wounded.
The orc warrior throws a poisoned tomahawk.
The poisoned tomahawk hits you.
You are poisoned.
The orc priest mumbles some strange prayers to Beogh against you.
Pain shoots through your body!
* * * LOW HITPOINT WARNING * * *
You closely miss the orc priest.
The orc priest is moderately wounded.
You closely miss the orc warrior.
You feel sick.
The orc priest miscasts a cantrip.
The orc warrior is struck by your spines.
The orc warrior hits you with a morningstar of protection!
You die...

...##.#..##.#...#...#
............'#######+
............††.....
........>...†...#..
................#
..........#######
.....[OS..#
#.....ooo.#
..#.####@## # #.# #.#
#.# ... ..... .......
......... ..#........


You could see an orc warrior, an ogre, an orc priest, an orc wizard and an
adder.

Vanquished Creatures
  The ghost of Kisielow the Carver, a novice MiFi of Yredelemnul (D:7)
  Prince Ribbit (D:5)
  The ghost of blejac99 the Charmwright, an amateur HESk of Ashenzari (D:3)
  A spriggan (D:7)
  Menkaure (D:5)
  An ice beast (D:5)
  2 black bears
  A phantom (D:4)
  A necrophage (D:7)
  5 ogres
  2 giant frogs (D:6)
  6 killer bees (D:8)
  3 hounds
  5 orc priests
  A centaur skeleton (D:5)
  2 orc wizards
  A worker ant (D:7)
  Natasha (twice) (D:3)
  2 hound skeletons
  10 adders
  An ufetubus (Abyss:3)
  An ooze (D:3)
  An adder skeleton (D:6)
  An adder zombie (D:5)
  A worm (D:5)
  A dart slug (D:1)
  4 giant geckos
  6 orcs
  5 giant cockroaches
  8 goblins
  7 hobgoblins
  7 jackals
  8 kobolds
  4 quokkas
  3 bats
  A giant gecko skeleton (D:5)
  10 giant newts
  A jackal zombie (D:6)
  5 rats
124 creatures vanquished.

Notes
Turn   | Place    | Note
--------------------------------------------------------------
     0 | Abyss:1  | Gargoyl the Demonspawn Abyssal Knight began the quest for the Orb.
     0 | Abyss:1  | Reached XP level 1. HP: 18/18 MP: 2/2
    16 | Abyss:3  | Found a corrupted altar of Lugonu.
    48 | Abyss:3  | Reached skill level 1 in Dodging
   104 | Abyss:3  | Noticed a starcursed mass
   105 | D:1      | Escaped the Abyss
   350 | D:1      | Gained mutation: You are partially covered in sharp spines. [demonic ancestry]
   350 | D:1      | Reached XP level 2. HP: 24/24 MP: 3/3
   380 | D:1      | Reached skill level 2 in Armour
   388 | D:1      | Reached * piety under Lugonu
   561 | D:1      | Gained mutation: You have sharp fingernails. [demonic ancestry]
   561 | D:1      | Reached XP level 3. HP: 24/29 MP: 4/4
  1115 | D:2      | Found a white marble altar of Elyvilon.
  1371 | D:2      | Reached ** piety under Lugonu
  1371 | D:2      | Gained mutation: You are mostly covered in sharp spines. [demonic ancestry]
  1371 | D:2      | Reached XP level 4. HP: 37/37 MP: 6/6
  1713 | D:3      | Noticed blejac99's ghost (amateur HESk)
  1722 | D:3      | Killed blejac99's ghost
  1722 | D:3      | Reached skill level 3 in Armour
  1722 | D:3      | Gained mutation: You are slightly more attuned to the shadows. [demonic ancestry]
  1722 | D:3      | Reached XP level 5. HP: 16/43 MP: 7/7
  1931 | D:3      | Reached XP level 6. HP: 49/49 MP: 8/8
  2036 | D:3      | Found a blossoming altar of Fedhas.
  2074 | D:3      | Noticed Natasha
  2083 | D:3      | Killed Natasha
  2359 | D:3      | Noticed Natasha
  2362 | D:3      | Killed Natasha
  2432 | D:3      | Found a shimmering altar of Xom.
  2572 | D:3      | Found a blossoming altar of Fedhas.
  2573 | D:3      | Found an oddly glowing altar of Pakellas.
  2720 | D:4      | Reached skill level 4 in Armour
  2726 | D:4      | Gained mutation: You have a pair of small antennae on your head. [demonic ancestry]
  2726 | D:4      | Reached XP level 7. HP: 50/55 MP: 9/9
  2861 | D:4      | Found Kitiskergh's Distillery.
  2864 | D:4      | Bought a potion of heal wounds for 65 gold pieces
  2864 | D:4      | Bought a potion of curing for 39 gold pieces
  3113 | D:4      | Reached skill level 5 in Armour
  3295 | D:4      | Reached skill level 5 in Fighting
  3295 | D:4      | Reached skill level 1 in Stealth
  3478 | D:5      | Entered Level 5 of the Dungeon
  3492 | D:5      | Reached *** piety under Lugonu
  3739 | D:5      | Noticed Prince Ribbit
  3743 | D:5      | Killed Prince Ribbit
  3743 | D:5      | Reached skill level 6 in Armour
  3743 | D:5      | Gained mutation: You have a pair of antennae on your head. [demonic ancestry]
  3743 | D:5      | Reached XP level 8. HP: 27/62 MP: 10/10
  4007 | D:5      | Noticed Menkaure
  4014 | D:5      | Killed Menkaure
  4272 | D:5      | Found a radiant altar of Vehumet.
  4524 | D:5      | Found a stormy altar of Qazlal.
  4897 | D:6      | Found a staircase to the Ecumenical Temple.
  4915 | D:6      | Reached skill level 7 in Armour
  5116 | D:6      | Found a deep blue altar of Sif Muna.
  5728 | D:7      | Found a snail-covered altar of Cheibriados.
  5769 | D:7      | Noticed Kisielow's ghost (novice MiFi)
  5799 | D:7      | Killed Kisielow's ghost
  5799 | D:7      | Reached skill level 5 in Axes
  5799 | D:7      | Reached skill level 8 in Armour
  5799 | D:7      | Reached XP level 9. HP: 24/69 MP: 11/11
  5847 | D:7      | Gained mutation: You are somewhat resistant to further mutation. [potion of mutation]
  6148 | D:7      | Found a glowing golden altar of the Shining One.
  6151 | D:7      | Found a shattered altar of Ashenzari.
  6154 | D:7      | Found an opulent altar of Gozag.
  6412 | D:8      | Found a sacrificial altar of Ru.
  6417 | D:8      | Reached **** piety under Lugonu
  6457 | D:8      | Slain by an orc warrior

Skill      XL: |  1  2  3  4  5  6  7  8 |
---------------+-------------------------+-----
Dodging        | 1 2 3 |  3.7
Armour         | 2 3 4 6 8 |  8.8
Axes           | 2 3 5 |  5.6
Fighting       | 4 5 6 |  6.5
Invocations    | 3 |  3.4
Stealth        | 1 |  1.3

Action                   |  1- 3 |  4- 6 |  7- 9 || total
-------------------------+-------+-------+-------++-------
Melee: Battleaxe         |    44 |    41 |   132 ||   217
Invok: Depart the Abyss  |     1 |       |       ||     1
  Use: Scroll            |       |       |    25 ||    25
       Potion            |       |       |    12 ||    12
 Stab: Paralysed         |       |       |     1 ||     1
  Eat: Chunk             |     1 |     4 |    11 ||    16
       Pizza             |       |       |     1 ||     1
Armor: Leather armour    |    12 |       |       ||    12
       Plate armour      |    10 |    35 |   106 ||   151
       Scale mail        |     6 |       |       ||     6
Dodge: Dodged            |    42 |     9 |    37 ||    88
